 Dungeon Crawl Stone Soup version 0.31-a0-1074-g0b22e4e0f1 (webtiles) character file.

Game seed: 8652431049689681664

5009 Lobster4 the Ruffian (level 10, -1/87 HPs)
             Began as a Troll Earth Elementalist on Nov 29, 2023.
             Slain by a yak (12 damage)
             ... on level 8 of the Dungeon.
             The game lasted 00:27:35 (6162 turns).

Lobster4 the Ruffian (Troll Earth Elementalist)     Turns: 6162, Time: 00:27:35

Health: -1/87      AC:  6    Str: 18    XL:     10   Next: 29%
Magic:  11/13      EV: 10    Int: 15    God:
Gold:   376        SH:  0    Dex: 10    Spells: 7/15 levels left

rFire   . .          .
                       - Unarmed
rCold   . . .        (no shield)
rNeg    . . .        a - +0 robe
rPois   +            (helmet restricted)
rElec   .            l - +1 cloak
rCorr   .            (gloves unavailable)
SInv    .            (boots unavailable)
Will    +....        e - amulet of regeneration
Stlth   +            t - ring of poison resistance
HPRegen 1.94/turn    L - ring of willpower
MPRegen 0.13/turn

%: no passive effects
@: wereblooded (expiring)
A: large, unfitting armour, claws 3, regeneration 1, shaggy fur 1, tough skin 1
a: no special abilities


You were on level 8 of the Dungeon.
You visited 1 branch of the dungeon, and saw 8 of its levels.
You also visited: Sewer.

You collected 376 gold pieces.

Inventory:

Hand Weapons
 c - a +0 shortbow
 m - a +2 dagger of venom
 u - a +1 spectral quarterstaff
 w - a +1 sling
 D - a +1 flail of freezing
 K - a +0 orcbow
Missiles
 g - 49 stones
 p - 6 boomerangs
 r - 3 silver javelins
 v - 5 poisoned darts
Armour
 a - a +0 robe (worn)
 l - a +1 cloak (worn)
Magical Staves
 C - a staff of cold
Jewellery
 e - an amulet of regeneration (around neck)
 t - a ring of poison resistance (left claw)
 A - a ring of ice
 L - a ring of willpower (right claw)
Talismans
 B - a serpent talisman
Wands
 d - a wand of quicksilver (8)
 x - a wand of charming (7)
 y - a wand of roots (6)
 M - a wand of polymorph (10)
 N - a wand of flame (30)
Scrolls
 h - 2 scrolls of poison
 i - a scroll of amnesia
 k - a scroll of enchant weapon
 o - a scroll of identify
 I - 2 scrolls of teleportation
 J - 2 scrolls of torment
 O - a scroll of fog
Potions
 b - 5 potions of magic
 f - 2 potions of cancellation
 j - 4 potions of curing
 n - a potion of heal wounds
 q - 2 potions of enlightenment
 s - 2 potions of mutation
 z - a potion of brilliance
 E - 2 potions of lignification
 F - 3 potions of resistance
 G - 4 potions of haste
 H - a potion of berserk rage {unknown}


   Skills:
 - Level 2.0 Fighting
 - Level 2.0 Armour
 - Level 2.0 Dodging
 - Level 1.0 Stealth
 + Level 7.6 Unarmed Combat
 - Level 3.0 Spellcasting
 - Level 3.0 Conjurations
 + Level 4.4 Transmutations
 + Level 7.5 Earth Magic
 - Level 3.0 Evocations
 + Level 2.3 Shapeshifting


You had 7 spell levels left.
You knew the following spells:

 Your Spells              Type           Power      Damage    Failure   Level
a - Sandblast             Erth           48%        2d12      1%          1
b - Stone Arrow           Conj/Erth      36%        3d9       7%          3
f - Wereblood             Tmut           15%        N/A       4%          2
p - Passwall              Tmut/Erth      16%        N/A       2%          2

Your spell library contained the following spells:

 Spells                   Type           Power      Damage    Failure   Level
 Magic Dart               Conj           44%        1d5       6%          1
 Petrify                  Tmut/Erth      20%        N/A       17%         4
 Brom's Barrelling Bould  Conj/Erth      18%        2d4       22%         4
 Call Imp                 Summ           4%         N/A       30%         2
 Ensorcelled Hibernation  Hex/Ice        4%         N/A       30%         2
 Sublimation of Blood     Necr           2%         N/A       30%         2
 Mephitic Cloud           Conj/Pois/Air  5%         N/A       36%         3
 Swiftness                Air            2%         N/A       52%         3
 Volatile Blastmotes      Fire/Tloc      4%         2d10      52%         3
 Fulminant Prism          Conj/Hex       3%         3d5       71%         4
 Iskenderun's Mystic Bla  Conj/Tloc      6%         2d4       71%         4
 Irradiate                Conj/Tmut      6%         3d13      77%         5
 Summon Hydra             Summ           1%         N/A       100%        7


Dungeon Overview and Level Annotations

Branches:
Dungeon (8/15)             Temple (0/1) D:5           Sewer (visited)
   Lair: D:8-11

Altars:
Trog

Annotations:
D:1 1 exclusion
D:4 2 transporters, gdog's ghost, amateur GnDe


Innate Abilities, Weirdness & Mutations

You are too large for most types of armour.
You have claws for hands.
Your natural rate of healing is unusually fast.
You are covered in fur. (AC +1)
You have tough skin. (AC +1)


Message History

The yak is heavily wounded.
You howl as the wereblood boils in your veins!
The yak completely misses you.
You claw the yak!
The yak is severely wounded.
You howl as the wereblood boils in your veins!
The yak gores you but does no damage. x2
You completely miss the yak.
The yak is severely wounded.
The yak closely misses you.
You completely miss the yak.
The yak is severely wounded.
The yak gores you!
You scratch the yak.
The yak is almost dead.
The yak gores you but does no damage.
You closely miss the yak.
The yak is almost dead.
The yak barely misses you. The yak gores you.
You barely miss the yak.
The yak is almost dead.
Your primal bloodlust is almost over.
The yak gores you! x2
* * * LOW HITPOINT WARNING * * *
The yak gores you but does no damage.
Casting: Wereblood (safe; 4% risk of failure)
Confirm with . or Enter, or press ? or * to list all spells.
Aiming: Passwall (safe; 2% risk of failure)
Press: ? - help, Dir - move target A rock wall.
The yak gores you.
* * * LOW HITPOINT WARNING * * *
The yak gores you.
* * * LOW HITPOINT WARNING * * *
The yak gores you.
* * * LOW HITPOINT WARNING * * *
You begin to meditate on the wall.
You continue meditating on the rock.
You howl as the wereblood boils in your veins!
The yak closely misses you. The yak gores you!
You die...

### #......... ..## #.........
#..###### #........
##......######.....# #.........
##................# ##.?.......
###.........##.....# #..........
..#.........##.....####..........
..#>........##.##Y...............
..#.........#.YY@Y....#.#.#......
...............###..#............
...#########.<.####...#.#.#......
..## #................##### ..#
#######..........#.#.#.#
..####......................#
....#.........#.#.#..#####.##
..#.#................##....######
###.#.........#.#.#..##....##...#


You could see 4 yaks.

Vanquished Creatures
  Pikel (D:7)
  Joseph (D:7)
  Jeremiah (D:7)
  Psyche (D:8)
  Grinder (Sewer)
  A wyvern (D:7)
  2 yaks (D:8)
  A water moccasin (D:5)
  3 sky beasts
  4 black bears
  An orc warrior (D:7)
  An ogre (D:6)
  2 lemures (D:7)
  3 centaurs
  5 phantoms
  2 kobold brigands (Sewer)
  A bullfrog (D:7)
  2 scorpions
  9 wights
  A jelly (D:7)
  A gnoll bouda (D:7)
  2 orc priests (D:8)
  2 hounds
  3 sleepcaps
  2 iguanas (D:4)
  Ijyb (D:3)
  4 orc wizards
  17 gnolls
  4 adders
  3 shadow imps (Sewer)
  4 ufetubi
  2 worms
  A dart slug (D:1)
  16 orcs
  8 endoplasms
  2 giant cockroaches (Sewer)
  6 goblins
  8 hobgoblins
  2 jackals (D:5)
  7 quokkas
  4 ball pythons
  4 bats
  2 frilled lizards
  10 kobolds
  3 kobold zombies (Sewer)
  5 rats
166 creatures vanquished.

Vanquished Creatures (others)
  A gnoll (D:3)
  2 orcs (D:7)
3 creatures vanquished.

Grand Total: 169 creatures vanquished

Notes
Turn   | Place    | Note
-------+----------+-------------------------------------------
     0 | D:1      | Lobster4 the Troll Earth Elementalist began the quest for
                  | the Orb.
     0 | D:1      | Reached XP level 1. HP: 16/16 MP: 1/1
   200 | D:1      | Reached XP level 2. HP: 23/24 MP: 3/3
   207 | D:1      | Learned a level 2 spell: Passwall
   280 | D:1      | Reached skill level 1 in Transmutations
   588 | D:2      | Reached XP level 3. HP: 31/32 MP: 4/4
   762 | D:2      | Reached skill level 1 in Unarmed Combat
  1026 | D:2      | Found a faded altar of an unknown god.
  1266 | D:3      | Learned a level 2 spell: Wereblood
  1395 | D:3      | Reached skill level 1 in Fighting
  1395 | D:3      | Reached XP level 4. HP: 41/41 MP: 5/5
  1426 | D:3      | Noticed Ijyb
  1477 | D:3      | Killed Ijyb
  1516 | D:3      | Reached skill level 1 in Armour
  1666 | D:3      | Reached XP level 5. HP: 43/48 MP: 6/6
  2029 | D:4      | Found a transporter.
  2035 | D:4      | Noticed an ogre
  2036 | D:4      | Noticed a black bear
  2037 | D:4      | Noticed gdog's ghost (amateur GnDe)
  2145 | D:4      | Found a transporter.
  2179 | D:4      | Noticed a phantom
  2190 | D:4      | Killed a phantom
  2191 | D:4      | Reached XP level 6. HP: 45/57 MP: 0/8
  2306 | D:4      | Reached skill level 1 in Evocations
  2534 | D:4      | Reached XP level 7. HP: 51/65 MP: 3/9
  2851 | D:5      | Entered Level 5 of the Dungeon
  2951 | D:5      | Learned a level 3 spell: Stone Arrow
  3048 | D:5      | Found a staircase to the Ecumenical Temple.
  3611 | D:5      | Reached XP level 8. HP: 43/72 MP: 3/10
  3687 | D:6      | Found a glowing drain.
  3696 | Sewer    | Entered a sewer
  3805 | Sewer    | Found an ancient bone altar of Kikubaaqudgha.
  3883 | Sewer    | Noticed Grinder
  3888 | Sewer    | Paralysed by Grinder for 2 turns
  3895 | Sewer    | Killed Grinder
  3924 | Sewer    | Reached skill level 5 in Earth Magic
  4418 | D:6      | Reached XP level 9. HP: 49/75 MP: 3/12
  4422 | D:6      | Reached skill level 1 in Shapeshifting
  4443 | D:6      | Reached skill level 5 in Unarmed Combat
  4510 | D:6      | Reached skill level 1 in Conjurations
  4767 | D:7      | Noticed Joseph
  4816 | D:7      | Killed Joseph
  4903 | D:7      | Noticed Pikel
  4932 | D:7      | Killed Pikel
  5155 | D:7      | Noticed Jeremiah
  5168 | D:7      | Killed Jeremiah
  5353 | D:6      | Reached XP level 10. HP: 75/87 MP: 8/13
  5772 | D:8      | Found a bloodstained altar of Trog.
  5834 | D:8      | Noticed Psyche
  5842 | D:8      | Killed Psyche
  6162 | D:8      | Slain by a yak

Illustrated notes

Levels and vault maps discovered:
D:1:      lightli_arrival_boilingwater, layout_rooms, serial_park_tiny_pond,
          minmay_surrounded
D:2:      layout_basic, basic_ecumenical_altar, nicolae_figureground_pulse
D:3:      layout_basic, uniq_ijyb
D:4:      layout_rooms, serial_curves, eino_curves_04, eino_curves_02,
          gammafunk_ghost_arena
D:5:      layout_rooms, minmay_temple_entry_from_below_a,
          dreamdust_princess_corridor
D:6:      layout_rooms, cheibrodos_sewer_entry_bend
D:7:      layout_basic, uniq_pikel, uniq_jeremiah, uniq_joseph
D:8:      layout_rooms, trog_three_pillars_becter, serial_glass,
          glass_columns_b, glass_columns_b, interstate_on_off, uniq_psyche

Skill      XL: |  1  2  3  4  5  6  7  8  9 |
---------------+----------------------------+-----
Transmutations | 1 2 3 4 |  4.4
Earth Magic    | 3 4 5 7 |  7.5
Unarmed Combat | 1 2 3 4 7 |  7.6
Fighting       | 1 2 |  2.0
Dodging        | 2 |  2.0
Armour         | 1 2 |  2.0
Spellcasting   | 2 3 |  3.0
Evocations     | 1 2 3 |  3.0
Shapeshifting  | 2 |  2.3
Conjurations   | 3 |  3.0
Stealth        | |  1.0

Action                     |  1- 3 |  4- 6 |  7- 9 | 10-12 || total
---------------------------+-------+-------+-------+-------++-------
  Melee: Unarmed           |   149 |    94 |   188 |    71 ||   502
         Punch             |       |     1 |     4 |     2 ||     7
  Throw: Dart              |       |       |    19 |     1 ||    20
         Throwing net      |       |       |     1 |     1 ||     2
         Javelin           |       |       |     1 |       ||     1
   Cast: Sandblast         |     1 |    37 |   127 |    15 ||   180
         Wereblood         |       |       |     4 |     5 ||     9
         Passwall          |       |       |     1 |     1 ||     2
  Evoke: Wand              |       |     1 |     5 |       ||     6
    Use: Scroll            |       |     4 |    15 |     3 ||    22
         Potion            |       |       |     5 |     1 ||     6
   Stab: Sleeping          |     1 |       |     4 |       ||     5
         Held in net/web   |       |       |       |     1 ||     1
 Armour: Robe              |   103 |    96 |   246 |    73 ||   518
  Dodge: Dodged            |    63 |    67 |   127 |    47 ||   304

Table legend: (Time is in decaauts)
 A = Elapsed time spent in this place.
 B = Non-inter-level travel time spent in this place.
 C = Inter-level travel time spent in this place.
 D = Time resting spent in this place.
 E = Time spent auto-exploring this place.
 F = Levels seen in this place.
 G = Mean time per level.
                   A        B        C        D        E       F      G
               +--------+--------+--------+--------+--------+-----+--------+
         Total |   6233 |   5938 |    295 |    371 |   3623 |   9 |  692.6 |
       Dungeon |   5824 |   5529 |    295 |    335 |   3433 |   8 |  728.0 |
         Sewer |    409 |    409 |      0 |     36 |    190 |   1 |  409.0 |
               +--------+--------+--------+--------+--------+-----+--------+

Top non-repeatable levels by time:
     D:4: 887 daAuts
     D:6: 851 daAuts
     D:7: 826 daAuts
     D:3: 825 daAuts
     D:2: 775 daAuts
     D:5: 762 daAuts
     D:8: 469 daAuts
     D:1: 427 daAuts
   Sewer: 409 daAuts
